 Dungeon Sprint DCSS version 0.31-a0-339-gda1cbd555d (webtiles) character file.

Game seed: 2266261479723545833

13400000 Monkooky the Conqueror (level 27, -24/273 HPs)
             Began as a Ghoul Warper on July 20, 2023.
             Was the Champion of Makhleb.
             Annihilated by a fleshlord
             ... wielding a +9 great mace
              (194 damage)
             ... in the Dungeon (Sprint VIII: "Arena of Blood").
             The game lasted 00:04:54 (134 turns).

Monkooky the Conqueror (Ghoul Warper)                Turns: 134, Time: 00:04:54

Health: -24/273    AC:  6    Str: 19    XL:     27
Magic:  43/53      EV: 26    Int: 12    God:    Makhleb [******]
Gold:   0          SH:  0    Dex: 14    Spells: 80/80 levels left

rFire   + . .        i - +∞ Axe of Woe
rCold   + . .        (shield currently unavailable)
rNeg    + + +        b - +0 leather armour
rPois   ∞            (no helmet)
rElec   .            (no cloak)
rCorr   .            (no gloves)
SInv    .            (no boots)
Will    ++...        (no amulet)
Stlth   +++++++++    g - ring of protection from fire
HPRegen 0.00/turn    (no ring)
MPRegen 0.33/turn

%: no teleportation
@: inhibited regen, slowed, very slow
A: claws 1, cold resistance 1, negative energy resistance 3, inhibited
regeneration, torment resistance 2, devour on kill
a: Renounce Religion, Minor Destruction, Lesser Servant of Makhleb, Major
Destruction, Greater Servant of Makhleb


You were in the Dungeon.
You worshipped Makhleb.
Makhleb was exalted by your worship.
You visited 1 branch

Inventory:

Hand Weapons
 a - a +0 hand axe
 i - the +∞ Axe of Woe (weapon)
   (You found it in the Dungeon)
Missiles
 d - 7 boomerangs of dispersal (quivered)
Armour
 b - a +0 leather armour (worn)
Jewellery
 g - a ring of protection from fire (left claw)
Scrolls
 c - 2 scrolls of blinking
Potions
 e - a potion of curing
 f - a potion of heal wounds
 h - 2 potions of magic


   Skills:
 O Level 27 Fighting
 O Level 27 Short Blades
 O Level 27 Long Blades
 O Level 27 Axes
 O Level 27 Maces & Flails
 O Level 27 Polearms
 O Level 27 Staves
 O Level 27 Ranged Weapons
 O Level 27 Throwing
 O Level 27 Armour
 O Level 27 Dodging
 O Level 27 Stealth
 O Level 27 Shields
 O Level 27 Unarmed Combat
 O Level 27 Spellcasting
 O Level 27 Conjurations
 O Level 27 Hexes
 O Level 27 Summonings
 O Level 27 Necromancy
 O Level 27 Translocations
 O Level 27 Transmutations
 O Level 27 Fire Magic
 O Level 27 Ice Magic
 O Level 27 Air Magic
 O Level 27 Earth Magic
 O Level 27 Poison Magic
 O Level 27 Invocations
 O Level 27 Evocations


You had 80 spell levels left.
You didn't know any spells.
Your spell library contained the following spells:

 Spells                   Type           Power      Damage    Failure   Level
 Blink                    Tloc           100%       N/A       0%          2
 Lesser Beckoning         Tloc           100%       N/A       0%          2
 Teleport Other           Tloc           69%        N/A       0%          3
 Vhi's Electric Charge    Tloc/Air       100%       N/A       0%          3
 Manifold Assault         Tloc           69%        N/A       0%          4


Dungeon Overview and Level Annotations

Branches:
Dungeon (1/1)

Altars:
Makhleb


Innate Abilities, Weirdness & Mutations

You are immune to poison.
You have sharp fingernails.
Your flesh is cold resistant. (rC+)
You are immune to negative energy. (rN+++)
You do not regenerate when monsters are visible.
You are immune to unholy pain and torment.
You thrive by killing the living.


Message History

You feel better.
The sculptor of flesh appears out of thin air!
A sculptor of flesh comes into view. It is wielding a +9 great sword.
The large abomination disappears in a puff of smoke!
You hear a shout!
The fleshlord casts a spell at you.
You barely resist.
You hear a shout!
Your cacodemon hits the scourge! Your cacodemon hits the scourge!!
The accursed points at you and mumbles some strange words.
Something smites you! The scourge bites your cacodemon!
You hear a shout! x2
The tyrant casts a spell.
The tyrant seems to speed up.
You hear a shout! x3
The tyrant waves its bony arms in wide circles.
The air twists around and strikes you!!!
You slice the dread!!
You dissect the dread like a pig carcass.
You destroy the dread!
Makhleb accepts your kill.
You feel better.
You slice something!!
You pulverise something into a thin bloody mist.
Makhleb accepts your kill.
You feel better.
Reactivating autopickup.
You feel a bit more experienced.
The dread appears out of thin air!
A dread comes into view.
You hear a shout! x2
The tyrant gestures wildly while chanting.
You hear a shout!
The scourge bites your cacodemon. The fleshlord casts a spell at you.
You feel as though you will be slow longer.
Your cacodemon gestures at the scourge.
The bolt of energy hits the scourge!!!
The scourge bites your cacodemon!
You hear a shout! x2
The fleshlord hits you with a +9 great mace!!!!!
Ouch! That really hurt!
You die...

..................#
..........o#XX.X..#
............LLXX..#
...........##...X.#
##.........§X.zXX.#
))........###X....#
).)))))......Wp...#
).)))°#)#)).....).#
)))).o))°)))...p@.#
.....#§#)#))S)†)))#
......○)○)))2M))..#
......#°#..SM.....#
##.....o...)#)....#
....o........#....#
.......W....#.....#
......W.O.........#
. .#...#......##..#


You could see 2 accurseds, a tentacled monstrosity (summoned), 2 tyrants, 2
scourges, 2 fleshlords, a sculptor of flesh, 9 large abominations, a dread
(wandering) and a friendly cacodemon (summoned).

Vanquished Creatures
  A hell knight (D)
  Sigmund (D)
  8 hell beasts (D)
  Edmund (D)
  3 royal mummies (D)
  A great orb of eyes (D)
  7 wraiths (D)
  8 vampire knights (D)
  40 ogres (D)
  11 two-headed ogres (D)
  A lich (D)
  4 hydras (D)
  2 phantoms (D)
  90 orcs (D)
  5 skeletal warriors (D)
  A sea snake (D)
184 creatures vanquished.

Vanquished Creatures (collateral kills)
  A sea snake (D)
1 creature vanquished.

Grand Total: 185 creatures vanquished

Notes
Turn   | Place    | Note
-------+----------+-------------------------------------------
     0 | D        | Found the +∞ Axe of Woe
     0 | D        | Monkooky the Ghoul Warper began the quest for the Orb.
     0 | D        | Reached XP level 1. HP: 17/17 MP: 2/2
     0 | D        | Noticed a meat berserker
     1 | D        | Noticed a bag of meat
     2 | D        | Noticed a bag of meat
     2 | D        | Noticed a bag of meat
     3 | D        | Became a worshipper of Makhleb the Destroyer
     4 | D        | Noticed a meat berserker
     4 | D        | Noticed a bag of meat
     5 | D        | Killed a meat berserker
     6 | D        | Reached XP level 2. HP: 24/24 MP: 3/3
     6 | D        | Reached XP level 3. HP: 29/29 MP: 4/4
     6 | D        | Reached XP level 4. HP: 36/36 MP: 5/5
     6 | D        | Reached XP level 5. HP: 41/41 MP: 6/6
     6 | D        | Reached XP level 6. HP: 48/48 MP: 7/7
     6 | D        | Reached XP level 7. HP: 55/55 MP: 8/8
     6 | D        | Reached XP level 8. HP: 61/61 MP: 9/9
     6 | D        | Reached XP level 9. HP: 67/67 MP: 10/10
     6 | D        | Reached XP level 10. HP: 73/73 MP: 11/11
     6 | D        | Reached XP level 11. HP: 79/79 MP: 12/12
     6 | D        | Reached XP level 12. HP: 85/85 MP: 13/13
     6 | D        | Noticed a meat berserker
     6 | D        | Noticed a meat berserker
     7 | D        | Noticed a bag of meat
     8 | D        | Noticed a bag of meat
     8 | D        | Killed a bag of meat
     8 | D        | Reached * piety under Makhleb
     8 | D        | Noticed a bag of meat
     8 | D        | Noticed a bag of meat
     9 | D        | Reached skill level 15 in Fighting
     9 | D        | Killed a bag of meat
     9 | D        | Noticed a meat berserker
     9 | D        | Noticed a bag of meat
    10 | D        | Reached XP level 13. HP: 139/139 MP: 14/14
    10 | D        | Killed a meat berserker
    10 | D        | Killed a meat berserker
    10 | D        | Reached ** piety under Makhleb
    10 | D        | Noticed a meat berserker
    11 | D        | Reached skill level 27 in Fighting
    11 | D        | Reached XP level 14. HP: 168/168 MP: 15/15
    11 | D        | Noticed a meat berserker
    11 | D        | Noticed a meat berserker
    11 | D        | Noticed a meat berserker
    11 | D        | Noticed a meat berserker
    12 | D        | Noticed a bag of meat
    12 | D        | Killed a bag of meat
    12 | D        | Killed a meat berserker
    12 | D        | Noticed a bag of meat
    13 | D        | Reached XP level 15. HP: 174/174 MP: 15/26
    14 | D        | Killed a meat berserker
    14 | D        | Reached *** piety under Makhleb
    14 | D        | Reached **** piety under Makhleb
    15 | D        | Reached XP level 16. HP: 183/183 MP: 15/31
    16 | D        | Reached skill level 27 in Stealth
    17 | D        | Killed a meat berserker
    17 | D        | Killed a meat berserker
    18 | D        | Reached skill level 27 in Invocations
    18 | D        | Reached skill level 27 in Axes
    18 | D        | Reached XP level 17. HP: 191/191 MP: 15/33
    18 | D        | Noticed a meat berserker
    18 | D        | Noticed a meat berserker
    19 | D        | Noticed a meat berserker
    20 | D        | Noticed a meat berserker
    20 | D        | Noticed a meat berserker
    20 | D        | Noticed a meat berserker
    21 | D        | Killed a meat berserker
    22 | D        | Killed a meat berserker
    22 | D        | Reached ***** piety under Makhleb
    22 | D        | Killed a meat berserker
    22 | D        | Noticed a large bag of meat
    23 | D        | Reached XP level 18. HP: 200/200 MP: 16/34
    23 | D        | Noticed a meat berserker
    24 | D        | Noticed a large bag of meat
    24 | D        | Killed a meat berserker
    25 | D        | Killed a meat berserker
    26 | D        | Reached skill level 15 in Spellcasting
    26 | D        | Killed a large bag of meat
    26 | D        | Killed a meat berserker
    26 | D        | Reached ****** piety under Makhleb
    27 | D        | Reached skill level 27 in Translocations
    27 | D        | Reached XP level 19. HP: 185/207 MP: 17/42
    27 | D        | Noticed a meat berserker
    27 | D        | Noticed a meat berserker
    28 | D        | Killed a meat berserker
    29 | D        | Killed a meat berserker
    29 | D        | Noticed a destroyer
    30 | D        | Reached XP level 20. HP: 216/216 MP: 17/48
    30 | D        | Killed a meat berserker
    31 | D        | Reached skill level 27 in Spellcasting
    31 | D        | Noticed a destroyer
    32 | D        | Killed a meat berserker
    32 | D        | Noticed a meat berserker
    33 | D        | Reached skill level 27 in Dodging
    33 | D        | Reached skill level 10 in Armour
    33 | D        | Noticed a meat berserker
    33 | D        | Noticed a destroyer
    33 | D        | Noticed a meat berserker
    34 | D        | Noticed a large bag of meat
    34 | D        | Noticed a meat berserker
    34 | D        | Killed a meat berserker
    34 | D        | Killed a destroyer
    35 | D        | Reached skill level 15 in Throwing
    35 | D        | Reached XP level 21. HP: 219/224 MP: 18/51
    35 | D        | Killed a meat berserker
    38 | D        | Noticed a meat berserker
    38 | D        | Noticed a meat berserker
    40 | D        | Killed a destroyer
    40 | D        | Killed a meat berserker
    40 | D        | Killed a meat berserker
    41 | D        | Reached skill level 27 in Throwing
    41 | D        | Reached skill level 27 in Armour
    41 | D        | Reached XP level 22. HP: 233/233 MP: 19/52
    41 | D        | Noticed a large bag of meat
    43 | D        | Noticed a destroyer
    43 | D        | Noticed a destroyer
    44 | D        | Killed a destroyer
    44 | D        | Noticed a destroyer
    45 | D        | Reached XP level 23. HP: 240/240 MP: 20/53
    47 | D        | Killed a destroyer
    47 | D        | Noticed a large bag of meat
    48 | D        | Reached skill level 27 in Unarmed Combat
    48 | D        | Noticed a large bag of meat
    49 | D        | Reached skill level 27 in Maces & Flails
    49 | D        | Reached skill level 27 in Polearms
    49 | D        | Reached skill level 15 in Fire Magic
    49 | D        | Reached XP level 24. HP: 249/249 MP: 21/53
    51 | D        | Reached skill level 5 in Short Blades
    51 | D        | Reached skill level 5 in Long Blades
    51 | D        | Reached skill level 5 in Staves
    51 | D        | Reached skill level 5 in Ranged Weapons
    51 | D        | Reached skill level 5 in Shields
    51 | D        | Reached skill level 5 in Ice Magic
    51 | D        | Reached skill level 5 in Earth Magic
    53 | D        | Reached skill level 5 in Summonings
    53 | D        | Reached skill level 5 in Necromancy
    53 | D        | Reached skill level 5 in Transmutations
    53 | D        | Reached skill level 5 in Poison Magic
    53 | D        | Reached skill level 5 in Evocations
    53 | D        | Reached XP level 25. HP: 257/257 MP: 21/53
    53 | D        | Killed a large bag of meat
    54 | D        | Reached skill level 27 in Fire Magic
    54 | D        | Noticed a large bag of meat
    54 | D        | Noticed an accursed
    55 | D        | Killed a large bag of meat
    56 | D        | Reached skill level 10 in Short Blades
    56 | D        | Reached skill level 10 in Ranged Weapons
    56 | D        | Reached skill level 10 in Ice Magic
    56 | D        | Reached skill level 10 in Earth Magic
    56 | D        | Noticed a large bag of meat
    58 | D        | Reached skill level 10 in Long Blades
    58 | D        | Reached skill level 10 in Staves
    58 | D        | Reached skill level 10 in Shields
    58 | D        | Killed a destroyer
    59 | D        | Reached skill level 10 in Summonings
    59 | D        | Reached skill level 10 in Transmutations
    59 | D        | Reached skill level 10 in Poison Magic
    59 | D        | Reached skill level 10 in Evocations
    59 | D        | Reached XP level 26. HP: 140/266 MP: 22/53
    59 | D        | Noticed a meat beast
    60 | D        | Reached skill level 10 in Conjurations
    60 | D        | Reached skill level 10 in Hexes
    61 | D        | Reached skill level 10 in Air Magic
    61 | D        | Killed a destroyer
    62 | D        | Noticed a tyrant
    63 | D        | Killed a meat beast
    64 | D        | Reached skill level 15 in Short Blades
    64 | D        | Reached skill level 15 in Long Blades
    64 | D        | Reached skill level 15 in Staves
    64 | D        | Reached skill level 15 in Ranged Weapons
    64 | D        | Reached skill level 15 in Shields
    64 | D        | Reached skill level 15 in Summonings
    64 | D        | Reached skill level 15 in Transmutations
    64 | D        | Reached skill level 15 in Poison Magic
    64 | D        | Reached XP level 27. HP: 273/273 MP: 23/53
    65 | D        | Killed a large bag of meat
    65 | D        | Killed a large bag of meat
    65 | D        | Noticed a large bag of meat
    66 | D        | Reached skill level 15 in Conjurations
    66 | D        | Reached skill level 15 in Hexes
    66 | D        | Reached skill level 15 in Evocations
    66 | D        | Noticed The Captor
    68 | D        | Reached skill level 15 in Air Magic
    70 | D        | Killed The Captor
    71 | D        | Killed a large bag of meat
    72 | D        | Noticed a dread
    73 | D        | Noticed a meat beast
    75 | D        | Noticed an accursed
    75 | D        | Noticed a meat beast
    76 | D        | Noticed a destroyer
    77 | D        | Killed a meat beast
    79 | D        | Killed a meat beast
    79 | D        | Killed a large bag of meat
    80 | D        | Noticed a destroyer
    80 | D        | Killed a destroyer
    81 | D        | Noticed a large bag of meat
    81 | D        | Noticed a large bag of meat
    81 | D        | Noticed a dread
    82 | D        | Killed a tyrant
    82 | D        | Noticed a dread
    82 | D        | Noticed a meat beast
    83 | D        | Reached skill level 27 in Ice Magic
    83 | D        | Reached skill level 27 in Earth Magic
    83 | D        | Killed a large bag of meat
    83 | D        | Noticed a meat beast
    83 | D        | Noticed a dread
    84 | D        | Reached skill level 27 in Necromancy
    84 | D        | Killed a dread
    85 | D        | Killed an accursed
    85 | D        | Noticed a meat beast
    86 | D        | Reached skill level 27 in Short Blades
    86 | D        | Reached skill level 27 in Long Blades
    86 | D        | Reached skill level 27 in Staves
    86 | D        | Reached skill level 27 in Ranged Weapons
    86 | D        | Reached skill level 27 in Shields
    86 | D        | Reached skill level 27 in Summonings
    86 | D        | Reached skill level 27 in Transmutations
    86 | D        | Reached skill level 27 in Poison Magic
    86 | D        | Killed a meat beast
    86 | D        | Killed a large bag of meat
    87 | D        | Reached skill level 27 in Conjurations
    87 | D        | Reached skill level 27 in Hexes
    87 | D        | Reached skill level 27 in Air Magic
    87 | D        | Reached skill level 27 in Evocations
    90 | D        | Killed a meat beast
    94 | D        | Killed an accursed
    95 | D        | Killed a destroyer
    97 | D        | Killed a meat beast
    99 | D        | Noticed The Defiler
    99 | D        | Noticed a dread
   101 | D        | Killed a large bag of meat
   103 | D        | Noticed a meat beast
   104 | D        | Killed a dread
   105 | D        | Killed a dread
   106 | D        | Killed a meat beast
   107 | D        | Killed The Defiler
   107 | D        | Killed a dread
   109 | D        | Killed a large bag of meat
   109 | D        | Killed a dread
   112 | D        | Noticed an accursed
   123 | D        | Killed an accursed
   126 | D        | Noticed a dread
   127 | D        | Noticed an accursed
   127 | D        | Noticed a fleshlord
   128 | D        | Noticed a fleshlord
   128 | D        | Noticed a fleshlord
   129 | D        | Noticed a meat beast
   129 | D        | Noticed a dread
   130 | D        | Noticed an accursed
   130 | D        | Noticed a tyrant
   130 | D        | Noticed a tyrant
   131 | D        | Killed a dread
   132 | D        | Killed a meat beast
   133 | D        | Killed a fleshlord
   134 | D        | Killed a dread
   134 | D        | Annihilated by a fleshlord

Illustrated notes

Levels and vault maps discovered:
D:        meatsprint

Skill      XL: |  1  2  3  4  5  6  7  8  9 10 11 12 13 14 15 16 17 18 19 20 21 22 23 24 25 26 27 |
---------------+----------------------------------------------------------------------------------+-----
Axes           | 26 27 | 27.0
Fighting       | 19 27 | 27.0
Stealth        | 18 26 27 | 27.0
Invocations    | 17 24 27 | 27.0
Dodging        | 6 11 18 23 27 | 27.0
Spellcasting   | 6 12 20 25 27 | 27.0
Translocations | 12 22 27 | 27.0
Throwing       | 15 27 | 27.0
Armour         | 18 27 | 27.0
Maces & Flails | 19 27 | 27.0
Polearms       | 19 27 | 27.0
Unarmed Combat | 22 27 | 27.0
Short Blades   | 3 6 11 15 27 | 27.0
Long Blades    | 3 6 11 15 27 | 27.0
Staves         | 3 6 11 15 27 | 27.0
Ranged Weapons | 3 6 11 15 27 | 27.0
Shields        | 3 6 11 15 27 | 27.0
Conjurations   | 2 4 9 14 27 | 27.0
Hexes          | 2 4 9 13 27 | 27.0
Summonings     | 2 5 10 15 27 | 27.0
Necromancy     | 3 5 11 16 27 | 27.0
Transmutations | 2 5 10 15 27 | 27.0
Fire Magic     | 15 25 27 | 27.0
Ice Magic      | 3 6 11 16 27 | 27.0
Air Magic      | 2 4 9 13 27 | 27.0
Earth Magic    | 3 6 12 16 27 | 27.0
Poison Magic   | 3 5 10 15 27 | 27.0
Evocations     | 2 5 10 14 27 | 27.0

Action                     |  1- 3 |  4- 6 |  7- 9 | 10-12 | 13-15 | 16-18 | 19-21 | 22-24 | 25-27 || total
---------------------------+-------+-------+-------+-------+-------+-------+-------+-------+-------++-------
  Melee: Executioner's axe |     1 |       |       |     2 |     3 |     7 |    10 |     8 |    52 ||    83
 Invoke: Greater Servant o |       |       |       |       |       |       |       |       |     5 ||     5
    Use: Potion            |       |       |       |       |       |     1 |       |       |       ||     1
 Armour: Leather armour    |       |       |       |       |       |       |       |     1 |     7 ||     8
  Dodge: Dodged            |       |       |       |       |       |       |       |     1 |    10 ||    11

Table legend: (Time is in decaauts)
 A = Elapsed time spent in this place.
 B = Non-inter-level travel time spent in this place.
 C = Inter-level travel time spent in this place.
 D = Time resting spent in this place.
 E = Time spent auto-exploring this place.
 F = Levels seen in this place.
 G = Mean time per level.
                   A        B        C        D        E       F      G
               +--------+--------+--------+--------+--------+-----+--------+
         Total |    100 |    100 |      0 |      0 |      0 |   1 |  100.0 |
       Dungeon |    100 |    100 |      0 |      0 |      0 |   1 |  100.0 |
               +--------+--------+--------+--------+--------+-----+--------+

Top non-repeatable levels by time:
       D: 100 daAuts
